 Dungeon Crawl Stone Soup version 0.19-a0-1170-g18f0c96 (console) character file.

132451 brucemayne the Shatterer (level 17, 0/206 HPs)
             Began as an Ogre Berserker on Aug 17, 2016.
             Was a High Priest of Trog.
             Succumbed to a naga mage's bolt of poison
             ... on level 4 of the Snake Pit.
             The game lasted 01:32:12 (15546 turns).

brucemayne the Shatterer (Ogre Berserker)          Turns: 15546, Time: 01:32:13

Health: 0/206      AC: 22    Str: 32    XL:     17   Next: 12%
Magic:  5/5        EV: 18    Int:  6    God:    Trog [*****.]
Gold:   582        SH:  0    Dex: 12    Spells: 0 memorised, 16 levels left

rFire  + . .     SeeInvis .     n - +8 giant spiked club (antimagic)
rCold  . . .     Gourm    .     d - +7 swamp dragon armour of Midsummer {rPois Str+4 Stlth+}
rNeg   + . .     Faith    .     (shield currently unavailable)
rPois  +         Spirit   .     s - +2 hat of the Republic {rElec rN+}
rElec  +         Dismiss  .     y - +1 cloak of Biorr {Slay+2}
rCorr  .         Reflect  .     (gloves unavailable)
MR     ++++.     Harm     .     (boots unavailable)
Stlth  ++........               (no amulet)
                                X - ring of protection from magic
                                T - +3 ring of evasion

@: lethally poisoned (0 -> -10), exhausted, very slightly contaminated,
regenerating, hasted and slowed
A: unfitting armour, clumsy 1, fire resistance 1, robust 1, strong 1, tough skin
1
a: Berserk, Trog's Hand, Brothers in Arms, Burn Spellbooks, Renounce Religion


You were on level 4 of the Snake Pit.
You worshipped Trog.
Trog was extremely pleased with you.
You were hungry.

You visited 5 branches of the dungeon, and saw 28 of its levels.
You visited 1 bazaar.

You collected 2184 gold pieces.
You spent 1602 gold pieces at shops.

Inventory:

Hand Weapons
 e - a +3 mace of crushing
 n - a +8 antimagic giant spiked club (weapon)
 w - the +9 dagger of Chilly Death {flash freeze, rPois rF- rC++ MR+}
   (You found it on level 4 of the Lair of Beasts)

   It has been specially enchanted to freeze those struck by it, causing extra
   injury to most foes and up to half again as much damage against particularly
   susceptible opponents.
   It can also slow down cold-blooded creatures.
   It makes you vulnerable to fire.
   It greatly protects you from cold.
   It protects you from poison.
   It affects your resistance to hostile enchantments.
 L - a +0 blowgun
 U - a +2 giant spiked club
Missiles
 f - 15 large rocks (quivered)
Armour
 a - a +0 troll leather armour
 b - a +0 shield of reflection
 d - the +7 swamp dragon armour of Midsummer (worn) {rPois Str+4 Stlth+}
   (You bought it in a shop on level 2 of the Orcish Mines)

   It affects your strength (+4).
   It protects you from poison.
   It makes you more stealthy.
 s - the +2 hat of the Republic (worn) {rElec rN+}
   (You acquired it on level 15 of the Dungeon)

   It insulates you from electricity.
   It protects you from negative energy.
 y - the +1 cloak of Biorr (worn) {Slay+2}
   (You found it on level 5 of the Dungeon)

   It affects your accuracy and damage with ranged weapons and melee attacks
   (+2).
 I - a +2 shield of protection
Jewellery
 J - an uncursed ring of flight
 S - an uncursed ring of see invisible
 T - a +3 ring of evasion (left hand)
 V - an uncursed ring of resist corrosion
 X - a ring of protection from magic (right hand)
Wands
 i - a wand of disintegration (6/24)
 k - a wand of iceblast (8/15)
 l - a wand of acid (7/15)
 m - a wand of digging (9/24)
 H - a wand of lightning (11/15)
 P - a wand of paralysis (14/24)
Scrolls
 g - a scroll of magic mapping
 h - 10 scrolls of identify
 v - 4 scrolls of enchant armour
 E - 8 scrolls of remove curse
 O - a scroll of recharging
Potions
 p - 3 potions of lignification
 q - 2 potions of agility
 t - 2 potions of might
 u - 5 potions of flight
 x - 3 potions of resistance
 z - 2 potions of cancellation
 K - a potion of haste
Books
 r - a book of the Dragon

   Spells                             Type                      Level
   a - Flame Tongue                   Conjuration/Fire             1
   b - Cause Fear                     Hexes                        4
   c - Bolt of Fire                   Conjuration/Fire             6
   d - Dragon Form                    Transmutation                7
   e - Dragon's Call                  Summoning                    9
   Trog disapproves of the use of such an item.
 B - a book of Unlife

   Spells                             Type                      Level
   a - Recall                         Summoning/Translocation      3
   b - Animate Dead                   Necromancy                   4
   c - Control Undead                 Necromancy                   4
   d - Cigotuvi's Embrace             Necromancy                   5
   e - Death Channel                  Necromancy                   6
   f - Simulacrum                     Ice/Necromancy               6
   Trog disapproves of the use of such an item.
 G - a book of Alchemy

   Spells                             Type                      Level
   a - Sublimation of Blood           Necromancy                   2
   b - Ignite Poison                  Fire/Transmutation/Poison    3
   c - Petrify                        Transmutation/Earth          4
   d - Alistair's Intoxication        Transmutation/Poison         5
   e - Irradiate                      Conjuration/Transmutation    5
   Trog disapproves of the use of such an item.
Miscellaneous
 Z - a phial of floods
Comestibles
 c - 4 bread rations
 j - a chunk of flesh
 o - 3 fruits
 D - 5 meat rations


   Skills:
 - Level 16.3 Fighting
 - Level 24.0 Maces & Flails
 + Level 9.6 Armour
 + Level 11.9 Dodging
 - Level 7.0 Shields


You had 16 spell levels left.
You didn't know any spells.

Dungeon Overview and Level Annotations

Branches:
Dungeon (15/15)            Temple (0/1) D:6            Lair (6/6) D:9
  Snake (4/4) Lair:2        Slime (0/5) Lair:6          Orc (2/2) D:12
    Elf (1/3) Orc:2        Vaults (0/5) D:13         Depths (0/5) D:15
  Swamp: Lair:2-4    Shoals: Lair:2-4

Altars:
Cheibriados
Dithmenos
Elyvilon
Gozag
Nemelex Xobeh
Okawaru
Ru
Uskayaw
Vehumet
Zin

Shops:
D:10 =   D:15 !   Orc:1 *   Orc:2 [(*=*[[}   Snake:1 !   Snake:2 [[

Annotations:
D:11 exclusion: upstairs
Snake:2 exclusion: downstairs
Snake:3 Aizul
Orc:2 exclusion: downstairs


Innate Abilities, Weirdness & Mutations

You are too large for most types of armour.
You have tough skin. (AC +1)
You are clumsy. (Dex -2)
Your flesh is heat resistant. (rF+)
You are robust. (+10% HP)
Your muscles are strong. (Str +2)


Message History

The anaconda bites you but does no damage.
You hear an angry hiss.
You escape the naga's grasp.
You feel very sick.
The naga mage points at you and mumbles some strange words.
The bolt of poison misses the guardian serpent.
The bolt of poison hits you!
You are lethally poisoned!
You resist.
* * * LOW HITPOINT WARNING * * *
The greater naga hits you from afar with a spear.
* * * LOW HITPOINT WARNING * * *
The anaconda grabs you. The anaconda misses you. The anaconda constricts you.
The guardian serpent misses you.
You hear an angry hiss.
You escape the anaconda's grasp.
A naga, 2 naga magi and a naga ritualist come into view.
The naga ritualist is wielding a dagger of venom.
You feel the effects of Trog's Hand fading.
You die...

#######........####..............
###.....##..##......#######
###..##....#...#.........
####.....#####.........
#.§NSSN.##...#..#####
#..§#N.N.....÷.......
#.SS##SN#..).#..'....
.NS.##.SN#..÷.#..#....
SSNN..#@#..#....#..#....
N.N.N...#..#)†#.#..#....
..N#..#.#..#.)##...#....
N.##.#..#..#)÷##'..#....
#.....#.....#.#..##'##
##.....##....#.#.......
###.......#....#.#.......
###.........##..##.########
#######............####.........


You could see a greater naga, an anaconda, a naga ritualist (wandering), a
guardian serpent, 3 naga magi and 2 nagas.

Vanquished Creatures
  Vashnia (Snake:2)
  Donald (Orc:2)
  3 greater nagas
  An orc warlord (Orc:2)
  2 entropy weavers (Lair:5)
  Azrael (Snake:1)
  A dire elephant (Lair:6)
  Snorg (Orc:1)
  Josephine (Lair:5)
  A merfolk avatar (Lair:6)
  2 naga warriors (Snake:2)
  3 ice dragons
  6 hydras
  A centaur warrior (D:13)
  6 anacondas
  A queen ant (Lair:5)
  Erica (D:8)
  3 catoblepae
  2 tengu warriors (D:13)
  3 orc high priests
  5 death yaks
  10 naga sharpshooters
  5 shock serpents
  Nergalle (D:10)
  3 salamander mystics
  The ghost of sergedm the Thaumaturge, a novice DECj of Vehumet (D:8)
  A fire crab (Lair:4)
  A sea snake (Lair:6)
  A naga ritualist (Snake:1)
  8 hill giants
  A wizard (D:13)
  A necromancer (D:13)
  4 orc knights
  5 mana vipers
  4 griffons (Lair:6)
  5 cyclopes
  3 deep elf magi
  2 manticores
  5 orc sorcerers
  A salamander (Snake:4)
  20 ugly things
  20 black mambas
  5 guardian serpents (Snake:4)
  A torpor snail (Lair:6)
  19 naga magi
  4 elephants (Lair:6)
  15 spiny frogs
  2 centaur skeletons
  3 rime drakes
  A kobold demonologist (D:15)
  13 komodo dragons
  A tengu conjurer (D:13)
  4 trolls
  3 polar bears
  2 raiju (shapeshifter)
  2 wind drakes (Lair:6)
  A two-headed ogre (D:15)
  10 slime creatures
  4 blink frogs (Lair:4)
  3 wraiths (Lair:5)
  2 wyverns (Lair:6)
  A human (shapeshifter) (D:14)
  3 basilisks
  5 fire elementals (Snake:1)
  A steam dragon (D:12)
  8 hippogriffs
  32 yaks
  8 vampire mosquitoes
  3 mottled dragons
  29 nagas
  A warg (Orc:1)
  12 soldier ants
  13 water moccasins
  6 porcupines
  2 hell hounds (Snake:1)
  A black bear (D:12)
  2 sky beasts
  17 ice beasts
  29 orc warriors
  2 phantoms (D:5)
  15 ogres
  5 wasps
  7 wolves
  A necrophage (D:11)
  6 centaurs
  11 crocodiles
  4 big kobolds
  10 giant frogs
  A wyvern skeleton (D:9)
  7 wights
  9 howler monkeys
  2 centaur zombies
  4 crimson imps
  2 giant frog zombies
  5 orc priests
  A giant frog skeleton (D:12)
  3 hounds
  4 jellies
  4 iguanas
  15 orc wizards
  23 worker ants
  9 sheep (Lair:3)
  A hound zombie (D:6)
  A hound skeleton (D:6)
  3 gnolls (D:6)
  7 adders
  36 river rats
  2 shadow imps
  An ooze (D:2)
  2 adder skeletons
  2 worms
  2 dart slugs
  5 giant geckos
  72 orcs
  2 ball pythons
  3 giant cockroaches
  5 goblins
  2 hobgoblins (D:2)
  3 jackals (D:11)
  4 quokkas
  10 bats
  A giant gecko skeleton (D:5)
  5 giant newts
  18 kobolds
  15 rats
  A bush (Lair:6)
769 creatures vanquished.

Vanquished Creatures (collateral kills)
  An ice dragon (D:15)
  A naga (Snake:2)
2 creatures vanquished.

Vanquished Creatures (others)
  3 black mambas
  22 fungi
  11 plants (Lair:6)
36 creatures vanquished.

Grand Total: 807 creatures vanquished

Notes
Turn   | Place    | Note
-------+----------+-------------------------------------------
     0 | D:1      | brucemayne the Ogre Berserker began the quest for the Orb.
     0 | D:1      | Reached XP level 1. HP: 24/24 MP: 1/1
   205 | D:1      | Reached XP level 2. HP: 16/32 MP: 2/2
   232 | D:2      | Reached skill level 5 in Maces & Flails
   283 | D:2      | Reached XP level 3. HP: 7/39 MP: 3/3
   432 | D:3      | Found a radiant altar of Vehumet.
   735 | D:3      | Reached skill level 6 in Maces & Flails
   803 | D:3      | Reached XP level 4. HP: 21/48 MP: 4/4
   892 | D:3      | Reached ** piety under Trog
   971 | D:4      | Found a glowing silver altar of Zin.
   975 | D:4      | Noticed an ogre
   980 | D:4      | Killed an ogre
   980 | D:4      | Reached skill level 7 in Maces & Flails
   980 | D:4      | Reached XP level 5. HP: 47/54 MP: 5/5
  1019 | D:4      | Found a hide-covered altar of Uskayaw.
  1078 | D:5      | Entered Level 5 of the Dungeon
  1096 | D:5      | Noticed a phantom
  1118 | D:5      | Killed a phantom
  1118 | D:5      | Reached skill level 8 in Maces & Flails
  1118 | D:5      | Reached XP level 6. HP: 32/62 MP: 6/6
  1145 | D:5      | Reached skill level 9 in Maces & Flails
  1186 | D:5      | Got a warped cloak
  1239 | D:5      | Identified the +1 cloak of Biorr {Slay+2} (You found it on level 5 of the Dungeon)
  1362 | D:5      | Noticed a phantom
  1384 | D:5      | Killed a phantom
  1384 | D:5      | Reached skill level 10 in Maces & Flails
  1384 | D:5      | Reached XP level 7. HP: 44/71 MP: 7/7
  1418 | D:6      | Reached skill level 5 in Fighting
  1425 | D:6      | Gained mutation: You are clumsy. (Dex -2) [mutagenic meat]
  1428 | D:6      | Gained mutation: Your muscles are strong. (Str +2) [mutagenic meat]
  1431 | D:6      | Gained mutation: You are robust. (+10% HP) [mutagenic meat]
  1807 | D:7      | Reached XP level 8. HP: 67/92 MP: 8/8
  1869 | D:7      | Reached *** piety under Trog
  1875 | D:7      | Reached skill level 11 in Maces & Flails
  1905 | D:8      | Noticed Erica
  1916 | D:7      | Reached skill level 1 in Shields
  2072 | D:8      | Noticed sergedm's ghost (novice DECj)
  2098 | D:9      | Found an opulent altar of Gozag.
  2122 | D:9      | Found a white marble altar of Elyvilon.
  2131 | D:9      | Found a sparkling altar of Nemelex Xobeh.
  2132 | D:9      | Found an iron altar of Okawaru.
  2134 | D:9      | Found a snail-covered altar of Cheibriados.
  2138 | D:9      | Found a shadowy altar of Dithmenos.
  2383 | D:8      | Killed Erica
  2383 | D:8      | Reached skill level 12 in Maces & Flails
  2383 | D:8      | Reached XP level 9. HP: 65/102 MP: 9/9
  2430 | D:8      | Killed sergedm's ghost
  2430 | D:8      | Reached skill level 13 in Maces & Flails
  2430 | D:8      | Reached skill level 5 in Shields
  2561 | D:10     | Entered Level 10 of the Dungeon
  2561 | D:10     | Noticed a hill giant
  2567 | D:10     | Killed a hill giant
  2567 | D:10     | Reached skill level 14 in Maces & Flails
  2567 | D:10     | Reached XP level 10. HP: 112/112 MP: 10/10
  2901 | D:10     | Found Kyupaf's Jewellery Boutique.
  2925 | D:10     | Reached **** piety under Trog
  2985 | D:10     | Noticed an orc knight
  3016 | D:10     | Killed an orc knight
  3016 | D:10     | Reached skill level 15 in Maces & Flails
  3063 | D:10     | Noticed a hill giant
  3083 | D:10     | Killed a hill giant
  3169 | D:10     | Noticed a hill giant
  3183 | D:10     | Killed a hill giant
  3183 | D:10     | Reached skill level 16 in Maces & Flails
  3473 | D:11     | Found a sacrificial altar of Ru.
  3488 | D:11     | Noticed a red ugly thing
  3507 | D:11     | Killed a red ugly thing
  3507 | D:11     | Reached XP level 11. HP: 27/122 MP: 11/11
  3537 | D:11     | Reached skill level 17 in Maces & Flails
  3602 | D:11     | Noticed Nergalle
  3638 | D:11     | Noticed a spectral orc warlord
  3652 | D:10     | Killed Nergalle
  3790 | D:11     | Noticed a manticore
  3805 | D:11     | Killed a manticore
  3934 | D:12     | Noticed a manticore
  3943 | D:12     | Killed a manticore
  4081 | D:12     | Found a staircase to the Orcish Mines.
  4127 | Orc:1    | Entered Level 1 of the Orcish Mines
  4127 | Orc:1    | Found Eaym's Eclectic Emporium.
  4206 | Orc:2    | Entered Level 2 of the Orcish Mines
  4212 | Orc:2    | Noticed an orc high priest
  4345 | D:12     | Noticed a hill giant
  4356 | D:12     | Killed a hill giant
  4356 | D:12     | Reached skill level 10 in Fighting
  4389 | D:12     | Noticed a cyclops
  4410 | D:12     | Killed a cyclops
  4450 | D:12     | Found a flickering gateway to a bazaar.
  4500 | Bazaar   | Entered a bazaar
  4507 | Bazaar   | Found Utum's Weapon Shop.
  4521 | Bazaar   | Found Adeh's Food Boutique.
  4548 | Bazaar   | Found Akhlo's Food Boutique.
  4562 | Bazaar   | Found Wohocl Kedo's Weapon Shop.
  4576 | Bazaar   | Found Otrenyib's Food Boutique.
  4590 | Bazaar   | Found Foefec's General Store.
  4614 | Bazaar   | Bought a scroll of enchant armour for 67 gold pieces
  4744 | D:13     | Reached skill level 18 in Maces & Flails
  4812 | Orc:2    | Noticed a soul eater
  4908 | Orc:1    | Killed an orc high priest
  4977 | Orc:2    | Found Rumed's Assorted Antiques.
  5068 | Orc:2    | Noticed an orc sorcerer
  5069 | Orc:2    | Noticed an orc high priest
  5070 | Orc:2    | Noticed an orc knight
  5100 | Orc:1    | HP: 6/195 [orc sorcerer/bolt of negative energy (23)]
  5102 | Orc:1    | Killed an orc sorcerer
  5174 | D:12     | Reached XP level 12. HP: 64/140 MP: 12/12
  5333 | D:13     | Reached skill level 19 in Maces & Flails
  5466 | Orc:1    | Killed an orc high priest
  5633 | Orc:2    | Noticed an orc warlord
  5652 | Orc:2    | Killed an orc warlord
  5682 | Orc:2    | Found a staircase to the Elven Halls.
  5768 | Orc:2    | Found Ytydan's Jewellery Emporium.
  5814 | Orc:2    | Noticed an orc high priest
  5829 | Orc:2    | Killed an orc high priest
  5829 | Orc:2    | Reached skill level 5 in Dodging
  5856 | Orc:2    | Found Sakh's Antique Armour Shop.
  6015 | Orc:2    | Reached skill level 1 in Armour
  6090 | Orc:2    | Found Ukag's General Store.
  6232 | Orc:2    | Found Mahakaef's Antique Weapon Boutique.
  6362 | Orc:2    | Noticed Donald
  6376 | Orc:2    | Killed Donald
  6376 | Orc:2    | Reached XP level 13. HP: 116/148 MP: 13/13
  6540 | Orc:1    | Noticed Snorg
  6556 | Orc:1    | Killed Snorg
  6562 | Orc:1    | Reached skill level 5 in Armour
  6637 | Orc:2    | Found Qyosof's Armour Emporium.
  6651 | Orc:2    | Found Deika Ase's Gadget Emporium.
  6746 | Orc:2    | Found Numesch's Antique Armour Emporium.
  6898 | Elf:1    | Entered Level 1 of the Elven Halls
  7668 | D:15     | Entered Level 15 of the Dungeon
  7683 | D:15     | Found Hicitauw's Distillery.
  7695 | D:15     | Identified a scroll of acquirement
  7696 | D:15     | Got a brightly glowing hat
  7702 | D:15     | Identified the +2 hat of the Republic {rElec rN+} (You acquired it on level 15 of the Dungeon)
  7791 | D:14     | Reached skill level 20 in Maces & Flails
  8222 | D:14     | HP: 1/148 [meliai/divine providence (13)]
  8378 | D:13     | Reached XP level 14. HP: 116/158 MP: 14/14
  8387 | D:13     | Reached skill level 21 in Maces & Flails
  8413 | D:13     | Found a gate to the Vaults.
  8858 | D:11     | Reached ***** piety under Trog
  9391 | D:15     | Reached skill level 22 in Maces & Flails
  9482 | D:15     | Found a staircase to the Depths.
  9668 | Orc:2    | Bought a distressingly furry swamp dragon armour for 1320 gold pieces
  9681 | Orc:2    | Identified the +7 swamp dragon armour of Midsummer {rPois Str+4 Stlth+} (You bought it in a shop on level 2 of the Orcish Mines)
 10004 | Orc:2    | Bought an uncursed ring of see invisible for 150 gold pieces
 10013 | Orc:2    | Gained mutation: Your flesh is heat resistant. (rF+) [potion of beneficial mutation]
 10228 | D:9      | Found a staircase to the Lair.
 10239 | Lair:1   | Entered Level 1 of the Lair of Beasts
 10634 | Lair:3   | Received a gift from Trog
 10823 | Lair:2   | Reached skill level 23 in Maces & Flails
 10996 | Lair:2   | Found a staircase to the Snake Pit.
 11341 | Lair:4   | Reached XP level 15. HP: 148/171 MP: 15/15
 11497 | Lair:4   | Received a gift from Trog
 11685 | Lair:5   | Found an opulent altar of Gozag.
 11747 | Lair:5   | Noticed Josephine
 11762 | Lair:5   | Killed Josephine
 11986 | Lair:6   | Entered Level 6 of the Lair of Beasts
 11986 | Lair:6   | Found a staircase to the Slime Pits.
 12679 | Lair:5   | Received a gift from Trog
 13470 | Lair:6   | Identified the Almanac of Earth and Changing
 13513 | Lair:6   | Reached skill level 10 in Dodging
 13541 | Lair:6   | Reached XP level 16. HP: 55/191 MP: 16/16
 13918 | Snake:1  | Entered Level 1 of the Snake Pit
 13918 | Snake:1  | Found Kuraprig's Distillery.
 13931 | Snake:1  | Bought a potion of heal wounds for 65 gold pieces
 14084 | Snake:2  | Reached skill level 15 in Fighting
 14137 | Snake:1  | Noticed Azrael
 14150 | Snake:1  | Killed Azrael
 14150 | Snake:1  | Received a gift from Trog
 14380 | Snake:3  | Noticed Aizul
 14462 | Snake:2  | Found Ytydan's Armour Shoppe.
 14462 | Snake:2  | Noticed Vashnia
 14464 | Snake:2  | Found Potrac's Armour Emporium.
 14759 | Snake:2  | Noticed a greater naga
 14778 | Snake:2  | Killed a greater naga
 14815 | Snake:2  | Killed Vashnia
 15006 | Snake:4  | Entered Level 4 of the Snake Pit
 15245 | Snake:4  | Noticed a greater naga
 15483 | Snake:4  | Reached XP level 17. HP: 164/206 MP: 5/17
 15505 | Snake:4  | Reached skill level 24 in Maces & Flails
 15528 | Snake:4  | Received a gift from Trog
 15545 | Snake:4  | HP: 9/206 [poisoned by a naga (splash of poison)]
 15545 | Snake:4  | HP: 1/206 [greater naga/spear (5)]
 15546 | Snake:4  | Succumbed to a naga mage's bolt of poison

Vault maps used:
D:1:      mrwooster_arrival_statue_3
D:2:      uniq_iyjb, uniq_sigmund
D:3:      vehumet_crystals, serial_undead, serial_undead_b, serial_undead_b,
          serial_undead_d, serial_undead_c, kennysheep_generic_room_13
D:4:      corexii_shantytown, grunt_gozag_statues, zin_statuary,
          nicolae_ru_sacrificial_ziggurat, kennysheep_little_box,
          kennysheep_nondescript
D:5:      first_bread, uniq_crazy_yiuf_cottage
D:6:      lemuel_coloured_pillars_altar
D:7:      kennysheep_mini_moat, grunt_ogre_cave
D:8:      uniq_erica
D:9:      kennysheep_mini, minitemple, grunt_lair_entry_orc_guard_hut,
          basic_altar
D:10:     minmay_tri_box, serial_shops, shop_fountains
D:11:     basic_altar, kennysheep_opposing_triangles, uniq_nergalle
D:12:     david_orc_2, serial_shops, bzr_entry_road
D:13:     david_vaults_1
D:15:     grunt_enter_depths_hoard, serial_shops, shop, uniq_rupert
Lair:2:   minmay_snake_entry_guardpost_large
Lair:3:   minmay_swamp_entry_reptiles
Lair:4:   minmay_guarded_unrand_chilly_death
Lair:5:   basic_altar, infiniplex_staircase_pool_2, uniq_josephine
Lair:6:   gammafunk_lair_ancient_temple, minmay_slime_entry_pillars,
          minmay_another_anthill
Snake:1:  serial_shops, shop, lemuel_fruit_tree, uniq_azrael
Snake:2:  portal_ice_cave_entry_ice_statue_one, guppyfry_library_mini,
          minmay_shoptagon, uniq_vashnia
Snake:3:  uniq_aizul
Snake:4:  grunt_snake_rune_serpentine_throne
Orc:1:    nicolae_alphabet_shops, uniq_snorg
Orc:2:    grunt_orc_gardens, grunt_orc_garden, grunt_orc_garden,
          grunt_orc_garden, grunt_orc_garden, serial_shops,
          nicolae_shop_competitors_out_of_business,
          nicolae_shop_window_shopping, shop_fountains, shop, uniq_donald
Elf:1:    elf_arrival_002, minmay_elf_crystal_hexagon
Bazaar:   bazaar_minmay_snake

Skill      XL: |  1  2  3  4  5  6  7  8  9 10 11 12 13 14 15 16 17 |
---------------+----------------------------------------------------+-----
Maces & Flails | 5 6 7 8 10 12 14 16 18 19 20 23 24 | 24.0
Fighting       | 6 7 10 11 14 16 | 16.3
Shields        | 4 6 7 |  7.0
Dodging        | 7 10 11 | 11.9
Armour         | 3 8 9 |  9.6

Action                   |  1- 3 |  4- 6 |  7- 9 | 10-12 | 13-15 | 16-18 || total
-------------------------+-------+-------+-------+-------+-------+-------++-------
Melee: Mace              |    76 |    91 |   166 |   676 |  1485 |       ||  2494
       Giant spiked club |       |       |       |       |   151 |   346 ||   497
Throw: Large rock        |       |       |       |       |    29 |     1 ||    30
Invok: Berserk           |     2 |     2 |     4 |    12 |    11 |     4 ||    35
       Trog's Hand       |       |     4 |     4 |    29 |    17 |    16 ||    70
       Brothers in Arms  |       |       |       |       |     1 |     1 ||     2
Evoke: Wand              |       |       |       |     3 |       |     6 ||     9
  Use: Potion            |       |     2 |       |     1 |     3 |     6 ||    12
       Scroll            |       |       |    10 |     9 |    13 |    14 ||    46
 Stab: Paralysed         |       |       |       |     5 |       |       ||     5
       Sleeping          |       |       |       |       |     2 |     1 ||     3
  Eat: Chunk             |     1 |     6 |    12 |    26 |    19 |     3 ||    67
       Fruit             |       |       |       |     2 |     2 |       ||     4
       Bread ration      |       |       |       |     2 |     2 |     3 ||     7
       Meat ration       |       |       |       |       |     3 |       ||     3
       Beef jerky        |       |       |       |       |       |     1 ||     1
Armor: Animal skin       |    14 |    21 |    28 |    42 |       |       ||   105
       Troll leather arm |       |       |       |     9 |    73 |       ||    82
       Swamp dragon armo |       |       |       |       |   268 |   196 ||   464
Dodge: Dodged            |    26 |    31 |    37 |   197 |   606 |   386 ||  1283
Block: Shield            |       |    10 |    66 |   277 |   670 |       ||  1023
       Reflection        |       |       |       |       |     3 |       ||     3
